 Dungeon Crawl Stone Soup version 0.27-a0-1456-gf5a116941d (webtiles) character file.

Game seed: 469742476915061187

172739 Jannitor the Fighter (level 18, -4/131 HPs)
             Began as a Djinni Chaos Knight on July 6, 2021.
             Was a Plaything of Xom.
             Slain by a yaktaur (7 damage)
             ... led by a vault warden
             ... on level 1 of the Vaults.
             The game lasted 01:41:33 (37913 turns).

Jannitor the Fighter (Djinni Chaos Knight)         Turns: 37913, Time: 01:41:33

Health: -4/131     AC: 15    Str: 14      XL:     18   Next: 37%
Gold:   1030       EV: 13    Int: 17      God:    Xom [.*....] SH: 11 Dex: 12 (14)

rFire    + . .     SeeInvis +   Z - +9 broad axe (elec)
rCold    . . .     Faith    .   P - +0 kite shield
rNeg     . . .     Spirit   .   k - +2 ring mail {rC+}
rPois    ∞         Reflect  .   (helmet restricted)
rElec    +         Harm     .   D - +0 cloak
rCorr    .         Rampage  .   h - +0 pair of gloves {Dex+3}
Will     ++++.                  (boots unavailable)
Stlth    ++........             i - amulet "Pioceuff" {rElec Regen+ SInv}
HPRegen  1.31/turn              N - ring of Quodarr {+Blink rPois rF- AC+4 Slay+4}
MPRegen  0.00/turn              d - ring of willpower

@: about to teleport, flying, very slightly contaminated
A: sickness immunity, fire resistance 2, cold vulnerability 1, float, innate
caster, hp casting, extra vitality 1, horns 1, iridescent scales 1, clumsy 1,
deformed body, dopey 1, strong-willed 2, sense surroundings 1, evolution 1
}: 1/15 runes: gossamer
a: Renounce Religion, Evoke Blink


You were on level 1 of the Vaults.
You worshipped Xom.
You were a plaything of Xom.
You visited 5 branches of the dungeon, and saw 28 of its levels.

You collected 3418 gold pieces.
You spent 2388 gold pieces at shops.

Inventory:

Hand Weapons
 Z - a +9 broad axe of electrocution (weapon)
Missiles
 n - 11 javelins
 o - 66 poisoned darts
 w - a curare-tipped dart (quivered)
 F - 6 throwing nets
 J - 7 silver javelins
Armour
 g - the +0 ring mail of Sunlight {rElec rPois rF++ Slay+3}
   (You found it on level 12 of the Dungeon)

   Slay:      It affects your accuracy & damage with ranged weapons and melee
   (+3).
   rF:        It greatly protects you from fire.
   rElec:     It insulates you from electricity.
   rPois:     It protects you from poison.
 h - a +0 pair of gloves of dexterity (worn)
 k - a +2 ring mail of cold resistance (worn)
 x - +0 steam dragon scales
 D - a +0 cloak (worn)
 M - a +3 scale mail of willpower
 P - a +0 kite shield (worn)
Jewellery
 b - a ring of fire
 d - a ring of willpower (right hand)
 i - the amulet "Pioceuff" (around neck) {rElec Regen+ SInv}
   (You found it on level 5 of the Dungeon)

   [amulet of regeneration]

   rElec:     It insulates you from electricity.
   SInv:      It lets you see invisible.
   Regen:     It increases your rate of health regeneration.
 y - a ring of willpower
 N - the ring of Quodarr (left hand) {+Blink rPois rF- AC+4 Slay+4}
   (You acquired it on level 2 of the Orcish Mines)

   [ring of protection]

   AC:        It affects your AC (+4).
   Slay:      It affects your accuracy & damage with ranged weapons and melee
   (+4).
   rF:        It makes you vulnerable to fire.
   rPois:     It protects you from poison.
   +Blink:    It lets you blink.
 X - the ring of Relativism {Wiz rElec rC- Int+3}
   (Xom gifted it to you on level 4 of the Spider Nest)

   [ring of wizardry]

   It improves your spell success rate.
   Int:       It affects your intelligence (+3).
   rC:        It makes you vulnerable to cold.
   rElec:     It insulates you from electricity.
Wands
 p - a wand of paralysis (5)
 r - a wand of iceblast (45)
 v - a wand of charming (4)
 B - a wand of digging (5)
 E - a wand of flame (63)
Scrolls
 l - a scroll of brand weapon
 m - a scroll of silence
 q - a scroll of blinking
 s - 4 scrolls of enchant armour
 A - 4 scrolls of identify
 C - 3 scrolls of magic mapping
 H - 2 scrolls of fog
 O - 2 scrolls of enchant weapon
 U - 3 scrolls of holy word
 Y - 2 scrolls of summoning
Potions
 a - 3 potions of attraction
 e - a potion of berserk rage
 f - 11 potions of curing
 j - 2 potions of cancellation
 t - 2 potions of haste
 z - a potion of magic
 K - 2 potions of might
 L - 3 potions of mutation
 Q - 2 potions of brilliance
 S - 3 potions of lignification
 V - 8 potions of ambrosia
 W - a potion of invisibility {unknown}
Miscellaneous
 u - a tin of tremorstones (2/2)
 G - a phial of floods
 I - a box of beasts
 R - a condenser vane
 T - a piece from Xom's chessboard (15/15)


   Skills:
 + Level 12.7 Fighting
 - Level 5.4(5.8) Short Blades
 - Level 2.8(4.5) Long Blades
 * Level 8.5(11.2) Axes
 - Level 11.8(12.8) Maces & Flails
 + Level 9.5 Armour
 + Level 8.4 Dodging
 - Level 5.0 Stealth
 * Level 11.2 Shields
 + Level 11.8 Spellcasting
 - Level 2.8 Evocations


You had 8 spell levels left.
You knew the following spells:

 Your Spells              Type           Power      Damage    Failure   Level
a - Sting                 Tmut/Pois      100%       1d8       1%          1
b - Call Imp              Summ           50%        N/A       1%          2
c - Call Canine Familiar  Summ           50%        N/A       1%          3
d - Ice Form              Ice/Tmut       50%        N/A       1%          4
e - Blade Hands           Tmut           25%        N/A       4%          5
f - Irradiate             Conj/Tmut      25%        3d22      4%          5
g - Conjure Ball Lightni  Conj/Air       25%        3x3d7     24%         6
h - Dispersal             Tloc           25%        N/A       24%         6
Your spell library was empty.

Dungeon Overview and Level Annotations

Branches:
Dungeon (15/15)            Temple (0/1) D:4            Lair (6/6) D:11
 Shoals (0/4) Lair:4       Spider (4/4) Lair:4        Slime (0/5) Lair:6
    Orc (2/2) D:12            Elf (0/3) Orc:2        Vaults (1/5) D:13
 Depths (0/5) D:15

Altars:
Gozag
Hepliaklqana
Kikubaaqudgha
Makhleb
Sif Muna
Trog
Wu Jian
Xom
The Shining One
Beogh
Jiyva

Shops:
Orc:2 *?**[

Portals:
Hell: Lair:6

Annotations:
D:5 1 runed translucent door, exclusion: ice beast, Animzor's ghost, weakling BaDe
Lair:3 exclusions: bullfrog and hydra
Orc:1 PejaSLU's ghost, journeyman MiBe


Innate Abilities, Weirdness & Mutations

You are immune to sickness and miasma.
You are immune to poison.
Your flesh is very heat resistant. (rF++)
You are vulnerable to cold. (rC-)
You float through the air rather than walking.
You learn spells naturally, not from books.
Your magical power is your life essence.
You have superior vitality. (+4 HP)
You have a pair of small horns on your head.
You are partially covered in iridescent scales. (AC +2)
You are clumsy. (Dex -2)
Armour fits poorly on your strangely shaped body.
You are dopey. (Int -2)
You are highly strong-willed. (Will++)
You passively map a small area around you.
You evolve.


Message History

Your ynoxinul dies!
Your ufetubus disappears in a puff of smoke!
Your ufetubus degenerates into a cloud of primal chaos!
Your sun demon hits the ironbound thunderhulk!
The ironbound thunderhulk is engulfed in flames!
Your neqoxec hits the stone giant!
The orc knight hits your neqoxec with a +1 battleaxe!!
Your neqoxec dies!
The orc knight hits your soul eater with a +1 battleaxe.
Your soul eater hits the stone giant.
Your ufetubus closely misses the vault guard.
Your ufetubus barely misses the vault guard.
You block the vault guard's attack.
The vault guard hits your ufetubus with a +1 vampiric battleaxe.
The vault guard hits your chaos spawn with a +1 vampiric battleaxe.
The vault guard hits your soul eater with a +1 vampiric battleaxe!
Your soul eater dies!
The vault guard completely misses your butterfly.
The stone giant hits your chaos spawn!!!
Your chaos spawn dies!
Your chaos spawn degenerates into a cloud of primal chaos!
The stone giant shouts!
Unknown command.
You feel better.
The ironbound convoker hits you with a +0 great mace!
* * * LOW HITPOINT WARNING * * *
Electricity crackles from the ironbound thunderhulk's apparatus.
The bolt of lightning hits you! You resist.
* * * LOW HITPOINT WARNING * * *
Your iron imp hits the ironbound thunderhulk!
Your ufetubus misses the vault guard.
Your ufetubus completely misses the vault guard.
You block the ironbound convoker's attack.
Something hits your ufetubus!!
Your ufetubus dies!
The orc knight misses your butterfly.
The orc knight hits your sun demon with a +1 battleaxe!
The yaktaur unwields a +0 arbalest.
The yaktaur hits you!
You die...
Xom laughs nastily!

#..?.#############'
#....# #.....' ' * ,
#....# #.....# * #....#
#.....# #....# #.5...# ,
, #....# #..Ooo# , #....#
#..3Cb# ,, #....# #..p..#
,*
##....########'#@####'# '
*
...............pcp......,
,
.................p......
,,
########################
*


You could see a stone giant (ally target), an ironbound thunderhulk, a vault
guard (drained), 2 orc knights, 3 ironbound convokers, a yaktaur (strong), a
friendly sun demon (summoned) and a friendly iron imp (summoned).

Vanquished Creatures
  A sphinx (Vaults:1)
  Kirke (D:13)
  4 ghost moths
  A vault warden (Vaults:1)
  A frost giant (D:15)
  3 emperor scorpions
  2 ironbound preservers (Vaults:1)
  A very ugly thing (Vaults:1)
  A stone giant (D:12)
  An entropy weaver (Spider:4)
  4 spark wasps
  Snorg (D:12)
  Josephine (D:12)
  An ettin (Orc:1)
  2 boulder beetles
  3 hydras
  2 vault guards (Vaults:1)
  Harold (Lair:1)
  2 catoblepae (Lair:6)
  A death knight (D:15)
  Erica (D:11)
  5 centaur warriors
  2 ironbound frosthearts (Vaults:1)
  A two-headed ogre (D:11)
  9 death yaks
  3 tengu warriors
  Urug (D:11)
  2 iron trolls (D:10)
  A sixfirhy (Lair:6)
  3 deep trolls
  3 wizards
  2 ironbound convokers (Vaults:1)
  19 orb spiders
  2 deep elf pyromancers
  28 wolf spiders
  3 manticores
  8 orc sorcerers (Orc:2)
  8 ugly things
  A moth of wrath (Spider:4)
  17 cyclopes
  20 elephants
  A moth of wrath (shapeshifter) (D:13)
  8 black mambas
  2 vault sentinels (Vaults:1)
  A water nymph (D:12)
  A centaur zombie (D:10)
  An unseen horror (D:11)
  A torpor snail (Lair:6)
  An eye of devastation (shapeshifter) (D:15)
  A smoke demon (Lair:6)
  2 orange demons (Lair:6)
  6 cane toads
  A gargoyle (D:10)
  An efreet (D:14)
  10 komodo dragons
  A yaktaur (shapeshifter) (D:13)
  7 rime drakes
  15 demonic crawlers
  2 ice devils (Lair:6)
  26 jumping spiders
  A wind drake (D:14)
  2 red devils (Lair:6)
  3 meliai (D:13)
  3 polar bears (Lair:6)
  10 trolls
  5 hornets
  A raiju (shapeshifter) (D:13)
  19 slime creatures
  8 blink frogs
  A snapping turtle (Lair:4)
  66 redbacks
  36 tarantellas
  A vampire (D:13)
  6 wraiths
  A shadow (D:12)
  A wyvern (Lair:6)
  15 yaks
  A ynoxinul (D:9)
  3 hogs (D:13)
  2 basilisks
  2 steam dragons
  6 vampire mosquitoes (D:13)
  13 wargs
  15 water moccasins
  4 hell hounds (Lair:6)
  An acid dragon (D:13)
  A sky beast (D:7)
  9 orc warriors
  A black bear (Lair:5)
  3 ogres
  10 centaurs
  10 wolves
  2 kobold brigands
  2 nameless horrors (D:5)
  8 bullfrogs
  A water moccasin zombie (D:5)
  A gnoll sergeant (D:8)
  2 scorpions
  A water moccasin skeleton (D:6)
  42 killer bees
  2 wights (D:9)
  6 electric eels
  3 bullfrog zombies
  A hound (D:5)
  13 orc priests
  A gnoll shaman (D:5)
  2 bullfrog skeletons
  A centaur skeleton (D:5)
  2 iguanas (D:5)
  Jessica (D:2)
  5 hell rats (Lair:2)
  Terence (D:2)
  32 orc wizards
  A scorpion zombie (D:5)
  A hound zombie (D:5)
  2 hound skeletons (D:5)
  9 adders
  3 gnolls
  A shadow imp (D:7)
  4 worms
  A dart slug (D:3)
  71 orcs
  12 ball pythons
  6 endoplasms
  5 goblins
  7 hobgoblins
  4 jackals
  12 kobolds
  6 quokkas
  6 bats
  2 frilled lizards
  6 rats
  A ball lightning (Spider:4)
810 creatures vanquished.

Vanquished Creatures (collateral kills)
  2 hydras
  A death yak (Lair:3)
  A two-headed ogre (D:9)
  An orc knight (Vaults:1)
  A wolf spider (Spider:4)
  An orb spider (Spider:2)
  An elephant (Lair:2)
  A cyclops (Orc:1)
  A black mamba (Lair:1)
  A rime drake (Lair:4)
  A cane toad (Lair:2)
  3 komodo dragons
  2 trolls
  2 jumping spiders
  A hornet (Spider:2)
  4 slime creatures (D:7)
  2 tarantellas (Spider:4)
  2 redbacks
  8 yaks
  A wraith (D:13)
  2 wargs
  A water moccasin (Lair:1)
  2 ogres (D:6)
  A bullfrog (D:6)
  A wyvern zombie (D:5)
  A wyvern skeleton (D:7)
  3 killer bees (Lair:4)
  An electric eel (D:7)
  A centaur zombie (D:5)
  2 jellies
  A bullfrog skeleton (D:6)
  A scorpion zombie (D:5)
  A gnoll (D:5)
  2 shadow imps (D:6)
  2 orcs
  A quokka (D:4)
  A jackal skeleton (D:4)
  A ball lightning (Spider:4)
62 creatures vanquished.

Vanquished Creatures (others)
  A death yak (D:11)
  A deep troll (D:15)
  An ugly thing (D:14)
  A cane toad (Lair:1)
  A demonic crawler (Spider:4)
  A troll (D:10)
  A wolf (Orc:1)
  A killer bee (Lair:4)
  An orc wizard (Orc:2)
  A kobold (D:7)
  36 ball lightnings
  35 fungi
  78 plants
159 creatures vanquished.

Grand Total: 1031 creatures vanquished

Notes
Turn   | Place    | Note
-------+----------+-------------------------------------------
     0 | D:1      | Jannitor the Djinni Chaos Knight began the quest for the
                  | Orb.
     0 | D:1      | Reached XP level 1. HP: 20/20 MP: 0/0
   100 | D:1      | Reached XP level 2. HP: 22/25 MP: 0/0
   387 | D:1      | Reached XP level 3. HP: 27/30 MP: 0/0
   387 | D:1      | Learned a level 1 spell: Sting
   648 | D:1      | XOM: silly message
  1155 | D:2      | Noticed Jessica
  1160 | D:2      | Killed Jessica
  1161 | D:2      | Reached XP level 4. HP: 35/35 MP: 0/0
  1209 | D:2      | Noticed Terence
  1219 | D:2      | Killed Terence
  1220 | D:2      | Reached skill level 1 in Short Blades
  1220 | D:2      | Reached skill level 1 in Stealth
  1296 | D:2      | XOM: divination: detect items
  1330 | D:2      | XOM: divination: detect creatures
  1332 | D:2      | Reached XP level 5. HP: 40/40 MP: 0/0
  1332 | D:2      | Learned a level 2 spell: Call Imp
  1493 | D:2      | Reached skill level 1 in Spellcasting
  1493 | D:2      | Found a faded altar of an unknown god.
  2199 | D:3      | XOM: confuse monster(s)
  2204 | D:3      | XOM: cast spell 'Summon Small Mammal'
  2222 | D:3      | Reached XP level 6. HP: 39/47 MP: 0/0
  2380 | D:3      | XOM: enchant monster (bad)
  3114 | D:4      | Found a staircase to the Ecumenical Temple.
  3168 | D:4      | XOM: 4-stop teleportation journey
  3235 | D:4      | XOM: give mutations
  3235 | D:4      | Gained mutation: You are dopey. (Int -2) [Xom's mischief]
  3235 | D:4      | Gained mutation: You are strong-willed. (Will+) [Xom's
                  | mischief]
  3235 | D:4      | Gained mutation: You are weak. (Str -2) [Xom's mischief]
  3235 | D:4      | Lost mutation: You are weak. (Str -2) [Xom's mischief]
  3266 | D:4      | XOM: torment (25/47 hp)
  3514 | D:4      | Noticed an ogre
  3519 | D:4      | XOM: butterfly on damage
  3519 | D:4      | XOM: smoke on damage
  3521 | D:4      | XOM: summons 6 friendly demons
  3525 | D:4      | Killed an ogre
  3526 | D:4      | Reached skill level 4 in Fighting
  3761 | D:4      | XOM: 1-stop teleportation journey
  3820 | D:4      | XOM: 1-stop teleportation journey
  3953 | D:4      | Found an ornate altar of the Wu Jian Council.
  4186 | D:5      | Entered Level 5 of the Dungeon
  4186 | D:5      | Found a runed translucent door.
  4196 | D:4      | Reached XP level 7. HP: 45/52 MP: 0/0
  4196 | D:4      | Learned a level 3 spell: Call Canine Familiar
  4236 | D:5      | Noticed a troll
  4250 | D:5      | Killed a troll
  4561 | D:5      | Noticed a nameless horror
  4571 | D:5      | Killed a nameless horror
  4679 | D:5      | Reached XP level 8. HP: 37/58 MP: 0/0
  4931 | D:5      | XOM: summons 4 hostile shadow creatures
  5103 | D:4      | XOM: summons 2 hostile demons
  5252 | D:5      | XOM: enchant monster (bad)
  5465 | D:5      | XOM: scenery: create altars
  5619 | D:5      | XOM: give mutations
  5619 | D:5      | Gained mutation: You are weak. (Str -2) [Xom's mischief]
  5619 | D:5      | Gained mutation: You occasionally shout uncontrollably at
                  | your foes. [Xom's mischief]
  5619 | D:5      | Gained mutation: You are very dopey. (Int -4) [Xom's
                  | mischief]
  5619 | D:5      | Gained mutation: You are frail. (-10% HP) [Xom's mischief]
  5633 | D:5      | Identified the amulet "Pioceuff" {rElec Regen+ SInv}
  5646 | D:5      | Reached skill level 5 in Dodging
  5689 | D:5      | XOM: summons 2 hostile demons
  5899 | D:5      | XOM: god gift: 39 gold pieces
  6114 | D:5      | Noticed Animzor's ghost (weakling BaDe)
  6166 | D:6      | Reached skill level 5 in Fighting
  6182 | D:6      | XOM is BORED!
  6182 | D:6      | XOM: 5-stop teleportation journey
  6188 | D:6      | XOM: noise
  6254 | D:6      | Reached XP level 9. HP: 53/58 MP: 0/0
  6254 | D:6      | Learned a level 4 spell: Ice Form
  6335 | D:6      | Found a glowing golden altar of the Shining One.
  6337 | D:6      | XOM: summons 1 hostile demon
  6338 | D:6      | Noticed a rust devil
  6621 | D:6      | Found a hazy altar of Hepliaklqana.
  7081 | D:7      | XOM: 2-stop teleportation journey
  7133 | D:7      | XOM: summons 1 hostile shadow creature
  7137 | D:7      | XOM: confusion
  7309 | D:7      | Noticed a slime creature
  7309 | D:7      | Noticed a slime creature
  7309 | D:7      | Noticed a slime creature
  7309 | D:7      | Noticed a slime creature
  7314 | D:7      | XOM: 1-stop teleportation journey
  7814 | D:7      | XOM: potion effect (curing)
  7821 | D:7      | XOM: silly message
  7824 | D:7      | Killed a slime creature
  7825 | D:7      | Reached skill level 5 in Spellcasting
  7886 | D:7      | Killed a slime creature
  7975 | D:7      | XOM: silly message
  7977 | D:7      | Noticed a slime creature
  7983 | D:7      | XOM: divination: magic mapping
  7991 | D:7      | Killed a slime creature
  8005 | D:7      | Noticed a slime creature
  8005 | D:7      | XOM: enchant monster (good)
  8021 | D:7      | Killed a slime creature
  8022 | D:7      | Reached skill level 6 in Fighting
  8132 | D:7      | Killed a slime creature
  8164 | D:7      | Killed a slime creature
  8165 | D:7      | Reached XP level 10. HP: 46/64 MP: 0/0
  8235 | D:8      | XOM: noise
  8322 | D:8      | Identified the +10 hunting sling of Beitien {freeze, Str+4
                  | Dex+4}
  8709 | D:6      | XOM: silly message
  8793 | D:8      | XOM: 2-stop teleportation journey
  8871 | D:8      | You are sucked into a shaft and drop 2 floors!
  8871 | D:10     | Entered Level 10 of the Dungeon
  8872 | D:10     | Lost mutation: You are frail. (-10% HP) [potion of
                  | mutation]
  8872 | D:10     | Lost mutation: You are strong-willed. (Will+) [potion of
                  | mutation]
  8872 | D:10     | Lost mutation: You are weak. (Str -2) [potion of mutation]
  8872 | D:10     | Gained mutation: You are strong-willed. (Will+) [potion of
                  | mutation]
  8875 | D:10     | XOM: cast spell 'Disjunction'
  9000 | D:10     | XOM: summons friendly iron imp
  9015 | D:10     | Reached skill level 5 in Short Blades
  9031 | D:10     | Reached skill level 5 in Stealth
  9092 | D:10     | XOM: divination: detect creatures
  9101 | D:10     | XOM: cast spell 'Cause Fear'
  9164 | D:10     | Noticed an iron troll
  9164 | D:10     | Noticed an iron troll
  9211 | D:10     | XOM: potion effect (haste)
  9213 | D:10     | XOM: summons friendly iron imp
  9389 | D:9      | Found a bloodstained altar of Trog.
  9438 | D:9      | Reached skill level 7 in Fighting
  9465 | D:9      | XOM: 2-stop teleportation journey
 10056 | D:8      | XOM: potion effect (might)
 10062 | D:8      | XOM: blink monster(s)
 10078 | D:8      | Reached XP level 11. HP: 46/79 MP: 0/0
 10078 | D:8      | Learned a level 5 spell: Blade Hands
 10284 | D:9      | XOM: give mutations
 10284 | D:9      | Gained mutation: You are clumsy. (Dex -2) [Xom's mischief]
 10284 | D:9      | Gained mutation: Your body sometimes deteriorates upon
                  | taking damage. [Xom's mischief]
 10284 | D:9      | Lost mutation: Your body sometimes deteriorates upon taking
                  | damage. [Xom's mischief]
 10550 | D:9      | XOM: give mutations
 10550 | D:9      | Gained mutation: You are partially covered in iridescent
                  | scales. (AC +2) [Xom's mischief]
 10550 | D:9      | Lost mutation: You are very dopey. (Int -4) [Xom's
                  | mischief]
 10550 | D:9      | Gained mutation: You are weak. (Str -2) [Xom's mischief]
 10550 | D:9      | Lost mutation: You are strong-willed. (Will+) [Xom's
                  | mischief]
 10565 | D:9      | Reached skill level 1 in Shields
 10610 | D:9      | Noticed a two-headed ogre
 10618 | D:9      | XOM: confuse monster(s)
 10660 | D:9      | Killed a two-headed ogre
 10864 | D:9      | Noticed a deep elf pyromancer
 10988 | D:9      | Noticed a two-headed ogre
 11004 | D:9      | XOM: divine lightning
 11076 | D:8      | XOM: polymorph orc -> jackal
 11092 | D:9      | Killed a deep elf pyromancer
 11158 | D:9      | XOM: give mutations
 11158 | D:9      | Gained mutation: You possess an exceptional clarity of
                  | mind. [Xom's grace]
 11158 | D:9      | Gained mutation: You are strong-willed. (Will+) [Xom's
                  | grace]
 11447 | D:10     | XOM: noise
 11454 | D:10     | XOM: enchant monster (bad)
 11459 | D:10     | XOM: summons 3 friendly demons
 11679 | D:11     | Noticed a death yak
 11679 | D:11     | Noticed a death yak
 11744 | D:10     | Noticed a deep troll
 11746 | D:10     | Noticed a deep troll
 11788 | D:10     | XOM: fog
 11816 | D:10     | XOM: scenery: summon butterflies
 11878 | D:10     | Killed a deep troll
 11887 | D:10     | Killed a deep troll
 11888 | D:10     | Reached skill level 5 in Shields
 11901 | D:10     | XOM: divine lightning
 11910 | D:10     | Killed an iron troll
 11917 | D:10     | XOM: enchant monster (good)
 11992 | D:10     | XOM: summons 10 friendly demons
 11998 | D:10     | XOM: summons 11 friendly demons
 12019 | D:10     | Killed an iron troll
 12020 | D:10     | Reached skill level 5 in Maces & Flails
 12371 | D:11     | Noticed Erica
 12377 | D:11     | Noticed a death yak
 12378 | D:11     | Noticed a death yak
 12384 | D:10     | XOM: smoke on damage
 12386 | D:10     | Reached XP level 12. HP: 57/85 MP: 0/0
 12511 | D:11     | Noticed a death yak
 12511 | D:11     | Noticed a death yak
 12512 | D:11     | Noticed a death yak
 12518 | D:11     | Found a staircase to the Lair.
 12587 | D:11     | Killed Erica
 12622 | Lair:1   | Entered Level 1 of the Lair of Beasts
 12703 | Lair:1   | You are sucked into a shaft and drop 1 floor!
 12793 | Lair:1   | XOM: polymorph hound -> shapeshifter
 12796 | Lair:1   | XOM: divine lightning
 12814 | Lair:1   | Noticed Harold
 12827 | Lair:1   | XOM: divination: detect items
 12836 | Lair:1   | XOM: destruction
 12838 | Lair:1   | Killed Harold
 13413 | Lair:1   | XOM: scenery: create altars
 13429 | Lair:1   | XOM: cloud trail
 13703 | Lair:2   | XOM: god gift: phial of floods
 13783 | Lair:2   | XOM: divination: detect creatures
 13802 | Lair:2   | Noticed a six-headed hydra
 13810 | Lair:2   | XOM: summons friendly shadow imp
 13815 | Lair:2   | XOM: summons 7 friendly demons
 13819 | Lair:2   | Killed a six-headed hydra
 13899 | Lair:2   | Reached skill level 1 in Evocations
 14779 | Lair:2   | XOM: potion effect (might)
 14780 | Lair:2   | XOM: enchant monster (good)
 14791 | Lair:2   | Reached skill level 5 in Armour
 14817 | Lair:2   | XOM: scenery: 1 doors open
 14818 | Lair:2   | XOM: summons 2 friendly demons
 14913 | Lair:2   | XOM: cloud trail
 14980 | Lair:2   | XOM: fog
 14995 | Lair:2   | XOM: summons friendly ufetubus
 15097 | Lair:3   | Reached XP level 13. HP: 29/92 MP: 0/0
 15097 | Lair:3   | Learned a level 5 spell: Irradiate
 15166 | Lair:3   | Noticed an eight-headed hydra
 15193 | Lair:3   | Noticed a ghost moth
 15193 | Lair:3   | an eight-headed hydra changed into a ghost moth
 15193 | Lair:3   | XOM: polymorph eight-headed hydra -> ghost moth
 15394 | Lair:3   | Noticed an eight-headed hydra
 15399 | Lair:3   | XOM: 2-stop teleportation journey
 15478 | Lair:3   | XOM: 1-stop teleportation journey
 15502 | Lair:3   | XOM: noise
 15532 | Lair:3   | XOM: silly message
 15533 | Lair:3   | XOM: confuse monster(s)
 15731 | Lair:3   | XOM: noise
 15754 | Lair:3   | Reached skill level 8 in Fighting
 15784 | Lair:3   | XOM: scenery: 1 doors open
 15786 | Lair:3   | XOM: summons 7 hostile demons
 15815 | Lair:3   | XOM: polymorph crimson imp -> ynoxinul
 15863 | Lair:3   | XOM: enchant monster (good)
 16085 | Lair:4   | XOM: potion effect (berserk rage)
 16181 | Lair:4   | XOM: confuse monster(s)
 16185 | Lair:4   | XOM: enchant monster (good)
 16215 | Lair:3   | XOM: cleaving
 16236 | Lair:3   | XOM: fog
 16255 | Lair:3   | XOM: fake destruction
 16258 | Lair:3   | XOM: noise
 16281 | Lair:2   | XOM: cast spell 'Leda's Liquefaction'
 16290 | Lair:2   | XOM: swap monsters
 16330 | Lair:3   | XOM: summons 6 hostile demons
 16358 | Lair:3   | XOM: cleaving
 16363 | Lair:3   | XOM: enchant monster (good)
 16452 | Lair:4   | XOM: destruction
 16634 | Lair:3   | XOM: enchant monster (good)
 16849 | Lair:3   | XOM: god gift: 42 gold pieces
 17044 | D:11     | XOM: divination: detect items
 17049 | D:11     | XOM: enchant monster (good)
 17150 | D:10     | XOM: divination: detect creatures
 17385 | D:12     | XOM: silly message
 17402 | D:12     | Noticed Josephine
 17430 | D:12     | XOM: divination: detect items
 17531 | D:12     | Identified the +0 ring mail of Sunlight {rElec rPois rF++
                  | Slay+3}
 17662 | D:12     | Found a staircase to the Orcish Mines.
 17662 | D:12     | Noticed Snorg
 17796 | D:11     | XOM: divination: detect items
 17852 | D:11     | XOM: silly message
 17854 | D:11     | XOM: silly message
 17855 | D:11     | XOM: potion effect (might)
 18063 | D:11     | XOM: silly message
 18065 | D:11     | XOM: potion effect (invisibility)
 18311 | D:10     | XOM: summons 12 friendly demons
 18345 | D:10     | XOM: scenery: create altars
 18606 | D:10     | XOM: god gift: wand of iceblast (8)
 18613 | D:10     | XOM: give mutation
 18613 | D:10     | Gained mutation: You expend health (3 HP) to strengthen
                  | your wands. [Xom's grace]
 18741 | D:10     | XOM: scenery: 1 doors close
 18791 | D:11     | XOM: summons 12 friendly demons
 18819 | D:11     | Noticed Urug
 18824 | D:11     | XOM: butterfly on damage
 18826 | D:11     | XOM: summons friendly quasit
 18864 | D:11     | XOM: god gift: book of Decay
 18916 | D:13     | Noticed a centaur warrior
 18940 | D:13     | XOM: fog
 18959 | D:12     | XOM: silly message
 18986 | D:13     | XOM: potion effect (haste)
 18986 | D:13     | XOM: smoke on damage
 19457 | D:11     | XOM: 8-stop teleportation journey
 19555 | D:11     | XOM: cloud trail
 19738 | D:11     | XOM: silly message
 19771 | D:11     | XOM: butterfly on damage
 20104 | D:12     | XOM: silly message
 20230 | Lair:4   | XOM: silly message
 20275 | Lair:4   | XOM: silly message
 20282 | Lair:4   | XOM: silly message
 20300 | Lair:4   | XOM: silly message
 20314 | Lair:3   | XOM: summons friendly shadow imp
 20316 | Lair:3   | XOM: torment (38/94 hp)
 20324 | Lair:3   | XOM: blink monster(s)
 20344 | Lair:3   | XOM: give mutations
 20344 | Lair:3   | Gained mutation: You evolve. [Xom's mischief]
 20344 | Lair:3   | Lost mutation: You evolve. [Xom's mischief]
 20348 | Lair:3   | XOM: cast spell 'Shadow Creatures'
 20366 | Lair:3   | XOM: polymorph shadow imp -> ufetubus
 20387 | Lair:4   | XOM: confuse monster(s)
 20396 | Lair:3   | XOM: potion effect (haste)
 20436 | Lair:3   | Reached XP level 14. HP: 55/99 MP: 0/0
 20440 | Lair:3   | XOM: summons 1 hostile shadow creature
 20596 | Lair:4   | Found a hole to the Spider Nest.
 20703 | Lair:4   | Reached skill level 9 in Fighting
 20718 | Lair:4   | XOM: polymorph hound -> rat
 20795 | Lair:4   | XOM: 3-stop teleportation journey
 21085 | Lair:4   | Found a staircase to the Shoals.
 21226 | Lair:5   | XOM: noise
 21309 | Lair:5   | XOM: summons 2 friendly demons
 21395 | Lair:5   | XOM: cast spell 'Dispersal'
 21418 | Lair:5   | XOM: confuse monster(s)
 21429 | Lair:5   | XOM: cleaving
 21479 | Lair:5   | XOM: confuse monster(s)
 21498 | Lair:5   | XOM: silly message
 21587 | Lair:4   | XOM: divination: detect items
 21617 | Lair:4   | XOM: silly message
 21823 | Lair:4   | XOM: fake destruction
 22184 | Lair:5   | XOM: cloud trail
 22372 | Lair:6   | Entered Level 6 of the Lair of Beasts
 22503 | Lair:6   | Found a viscous altar of Jiyva.
 22504 | Lair:6   | Found a staircase to the Slime Pits.
 22915 | Lair:6   | XOM: divination: detect items
 23029 | Lair:6   | XOM: cast spell 'Olgreb's Toxic Radiance'
 23044 | Lair:6   | Reached skill level 10 in Maces & Flails
 23044 | Lair:6   | XOM: divination: magic mapping
 23103 | Lair:6   | XOM: cast spell 'Call Canine Familiar'
 23426 | Lair:6   | XOM: enchant monster (good)
 23489 | Lair:6   | XOM: noise
 23503 | Lair:6   | Found a burning altar of Makhleb.
 23513 | Lair:6   | XOM: summons friendly white imp
 23539 | Lair:6   | XOM: enchant monster (good)
 23608 | Lair:6   | Found a gateway to Hell.
 23633 | Lair:6   | XOM: destruction
 23682 | Lair:6   | XOM: divination: detect items
 24051 | D:11     | Killed Urug
 24052 | D:11     | Reached XP level 15. HP: 86/107 MP: 0/0
 24052 | D:11     | Learned a level 6 spell: Conjure Ball Lightning
 24228 | D:11     | XOM: divination: detect creatures
 24232 | D:11     | XOM: 3-stop teleportation journey
 24241 | D:11     | XOM: god gift: book of Debilitation
 24796 | D:12     | Killed Snorg
 24797 | D:12     | Reached skill level 10 in Fighting
 24839 | Orc:1    | Entered Level 1 of the Orcish Mines
 25039 | Orc:1    | XOM: torment (48/107 hp)
 25114 | Orc:1    | XOM: swap monsters
 25198 | Orc:1    | XOM: summons friendly shadow imp
 25392 | Orc:1    | XOM: divination: detect items
 25398 | Orc:1    | Noticed a stone giant
 25440 | Orc:1    | XOM: swap monsters
 25461 | D:12     | Killed a stone giant
 25499 | D:12     | XOM: polymorph ettin -> water nymph
 25960 | Orc:1    | Identified the +5 trident of Soft Responsibility {vorpal,
                  | +Blink Int+2}
 25976 | Orc:1    | Identified the +5 falchion of Giritz {freeze, Str-2 Dex+4
                  | Stlth+}
 25977 | Orc:1    | Identified the +3 halberd of Resumed Hostilities {vorpal,
                  | rPois Str-3 Int+4}
 26080 | Orc:2    | Entered Level 2 of the Orcish Mines
 26200 | Orc:2    | XOM: summons friendly white imp
 26203 | Orc:2    | XOM: summons friendly chaos spawn
 26224 | Orc:1    | XOM: divination: magic mapping
 26478 | Orc:2    | XOM: noise
 26479 | Orc:2    | Found Ruewi's Assorted Antiques.
 26479 | Orc:2    | Found Uhytaf's Magic Scroll Shop.
 26479 | Orc:2    | XOM: confuse monster(s)
 26496 | Orc:2    | Reached skill level 10 in Spellcasting
 26532 | Orc:2    | Bought 2 scrolls of enchant weapon for 420 gold pieces
 26532 | Orc:2    | Bought a glimmering scale mail for 252 gold pieces
 26532 | Orc:2    | Identified the +0 scale mail "Doehegui" {Fly Str+8} (You
                  | bought it in a shop on level 2 of the Orcish Mines)
 26532 | Orc:2    | Bought a potion of heal wounds for 140 gold pieces
 26542 | Orc:2    | Bought a scroll of acquirement for 624 gold pieces
 26542 | Orc:2    | Bought a scroll of enchant weapon for 90 gold pieces
 26542 | Orc:2    | Bought a scroll of summoning for 114 gold pieces
 26631 | Orc:2    | Found Neug Uxt's General Store.
 26631 | Orc:2    | Found Yvavum's Antique Armour Shop.
 26729 | Orc:2    | Found a runed translucent gate.
 26729 | Orc:2    | Found a runed translucent gate.
 26731 | Orc:2    | Found an opulent altar of Gozag.
 26734 | Orc:2    | Noticed PejaSLU's ghost (journeyman MiBe)
 26736 | Orc:2    | Found a runed translucent gate.
 26737 | Orc:2    | Found Liyb Nae's Assorted Antiques.
 26921 | Orc:2    | Found a staircase to the Elven Halls.
 27291 | Orc:2    | Acquired the ring of Quodarr {+Blink rPois rF- AC+4 Slay+4}
 27338 | Orc:2    | XOM: stat loss: -1 Str (10/11)
 27374 | Orc:2    | Bought a tin of tremorstones (2/2) for 640 gold pieces
 27403 | Orc:2    | XOM: fog
 27404 | Orc:2    | XOM: summons 6 hostile demons
 27451 | Orc:2    | XOM: god gift: 25 gold pieces
 27509 | Orc:2    | XOM: give mutations
 27509 | Orc:2    | Gained mutation: Armour fits poorly on your strangely
                  | shaped body. [Xom's mischief]
 27509 | Orc:2    | Gained mutation: You are frail. (-10% HP) [Xom's mischief]
 27573 | Orc:2    | Bought 2 potions of curing for 108 gold pieces
 27647 | Orc:1    | XOM: cast spell 'Summon Ice Beast'
 27677 | Orc:1    | XOM: scenery: summon butterflies
 27845 | D:12     | Killed Josephine
 28103 | D:13     | XOM: scenery: 1 doors close
 28286 | D:13     | XOM: draining
 28357 | D:13     | Found a gate to the Vaults.
 28359 | D:13     | Noticed Kirke
 28369 | D:13     | Killed Kirke
 28483 | D:13     | XOM: silly message
 28691 | D:13     | XOM: 7-stop teleportation journey
 28988 | D:13     | Reached XP level 16. HP: 39/103 MP: 0/0
 29194 | D:14     | XOM: potion effect (might)
 29195 | D:14     | XOM: cleaving
 29227 | D:14     | XOM: scenery: create altars
 29670 | D:14     | XOM: polymorph tengu conjurer -> wind drake
 29736 | D:14     | XOM: summons friendly ufetubus
 29870 | D:14     | XOM: scenery: summon butterflies
 29960 | D:15     | Entered Level 15 of the Dungeon
 30155 | D:15     | Reached skill level 11 in Fighting
 30155 | D:15     | Reached skill level 1 in Axes
 30217 | D:15     | XOM: scenery: 1 doors close
 30336 | D:15     | XOM: summons friendly iron imp
 30378 | D:15     | XOM: enchant monster (good)
 30382 | D:15     | Noticed a storm dragon
 30382 | D:15     | a catoblepas changed into a storm dragon
 30383 | D:15     | a storm dragon changed into an eye of devastation
 30665 | D:15     | XOM: god gift: pair of runed gloves {god gift}
 30715 | D:15     | XOM: give mutations
 30715 | D:15     | Gained mutation: You passively map a small area around you.
                  | [Xom's grace]
 30715 | D:15     | Lost mutation: You are frail. (-10% HP) [Xom's grace]
 30965 | D:15     | XOM: divine lightning
 30969 | D:15     | Noticed a frost giant
 30969 | D:15     | a stone giant changed into a frost giant
 30969 | D:15     | XOM: polymorph stone giant -> frost giant
 30979 | D:15     | Killed a frost giant
 31000 | D:15     | Gained mutation: You are very clumsy. (Dex -4) [mutagenic
                  | glow]
 31035 | D:15     | Found a staircase to the Depths.
 31470 | Spider:1 | XOM: noise
 31470 | Spider:1 | Entered Level 1 of the Spider Nest
 31766 | Spider:1 | XOM: smoke on damage
 32081 | Spider:1 | XOM: destruction
 32306 | Spider:1 | XOM: give mutations
 32306 | Spider:1 | Lost mutation: You are weak. (Str -2) [Xom's grace]
 32306 | Spider:1 | Gained mutation: You are somewhat resistant to further
                  | mutation. [Xom's grace]
 32492 | Spider:2 | XOM: destruction
 32669 | Spider:2 | Reached skill level 5 in Axes
 32748 | Spider:2 | XOM: summons friendly quasit
 32785 | Spider:2 | XOM: give mutations
 32785 | Spider:2 | Gained mutation: You are robust. (+10% HP) [Xom's grace]
 32785 | Spider:2 | Gained mutation: You have a pair of small horns on your
                  | head. [Xom's grace]
 32785 | Spider:2 | Lost mutation: You are very clumsy. (Dex -4) [Xom's grace]
 32785 | Spider:2 | Gained mutation: You are mostly covered in iridescent
                  | scales. (AC +4) [Xom's grace]
 33044 | Spider:2 | XOM: fog
 33054 | Spider:2 | XOM: smoke on damage
 33062 | Spider:2 | Reached XP level 17. HP: 120/135 MP: 0/0
 33062 | Spider:2 | Learned a level 6 spell: Dispersal
 33154 | Spider:2 | XOM: noise
 33252 | Spider:2 | XOM: give mutation
 33252 | Spider:2 | Lost mutation: You possess an exceptional clarity of mind.
                  | [Xom's mischief]
 33332 | Spider:2 | XOM: cast spell 'Summon Mana Viper'
 33516 | Spider:2 | XOM: cast spell 'Necromutation'
 33581 | Spider:2 | XOM: divination: detect items
 33888 | Spider:3 | XOM: summons friendly shadow imp
 33909 | Spider:3 | XOM: summons 7 hostile demons
 34088 | Spider:3 | XOM: give mutations
 34088 | Spider:3 | Lost mutation: You are robust. (+10% HP) [Xom's mischief]
 34088 | Spider:3 | Gained mutation: You are frail. (-10% HP) [Xom's mischief]
 34088 | Spider:3 | Lost mutation: You expend health (3 HP) to strengthen your
                  | wands. [Xom's mischief]
 34088 | Spider:3 | Lost mutation: You have a pair of small horns on your head.
                  | [Xom's mischief]
 34186 | Spider:3 | XOM: blink monster(s)
 34707 | Spider:3 | XOM: give mutation
 34707 | Spider:3 | Lost mutation: You are frail. (-10% HP) [Xom's mischief]
 34836 | Spider:4 | Entered Level 4 of the Spider Nest
 34968 | Spider:4 | Reached skill level 12 in Fighting
 34997 | Spider:4 | XOM: summons 2 hostile shadow creatures
 35005 | Spider:4 | XOM: stat loss: -1 Dex (13/14)
 35154 | Spider:4 | XOM: confuse monster(s)
 35157 | Spider:4 | Lost mutation: You are mostly covered in iridescent scales.
                  | (AC +4) [mutagenic glow]
 35205 | Spider:4 | XOM: give mutations
 35205 | Spider:4 | Gained mutation: Your flesh is almost immune to the effects
                  | of heat. (rF+++) [Xom's grace]
 35205 | Spider:4 | Lost mutation: You are somewhat resistant to further
                  | mutation. [Xom's grace]
 35205 | Spider:4 | Gained mutation: You evolve. [Xom's grace]
 35205 | Spider:4 | Gained mutation: You are highly strong-willed. (Will++)
                  | [Xom's grace]
 35316 | Spider:4 | XOM: cleaving
 35331 | Spider:4 | Gained mutation: You have a pair of small horns on your
                  | head. [evolution]
 35455 | Spider:4 | XOM: blink monster(s)
 35505 | Spider:4 | XOM: god gift: 30 gold pieces
 35519 | Spider:4 | XOM: scenery: create altars
 35529 | Spider:4 | XOM: summons friendly shadow imp
 35620 | Spider:4 | XOM: noise
 35713 | Spider:4 | XOM: fog
 35719 | Spider:4 | Reached skill level 10 in Shields
 35722 | Spider:4 | XOM: 2-stop teleportation journey
 35996 | Spider:4 | XOM: silly message
 36000 | Spider:4 | XOM: divination: detect creatures
 36001 | Spider:4 | XOM: confuse monster(s)
 36198 | Spider:4 | XOM: smoke on damage
 36265 | Spider:4 | Identified the ring of Relativism {Wiz rElec rC- Int+3}
                  | (Xom gifted it to you on level 4 of the Spider Nest)
 36265 | Spider:4 | XOM: god gift: ring of Relativism {Wiz rElec rC- Int+3}
 36559 | Spider:4 | Reached XP level 18. HP: 130/130 MP: 0/0
 36564 | Spider:4 | XOM: summons 7 friendly demons
 36597 | Spider:4 | XOM: stat loss: -1 Dex (13/14)
 36628 | Spider:4 | XOM: fog
 36692 | Spider:4 | Got a gossamer rune of Zot
 36954 | Vaults:1 | Entered Level 1 of the Vaults
 37091 | Vaults:1 | XOM: give mutations
 37091 | Vaults:1 | Lost mutation: Your flesh is almost immune to the effects
                  | of heat. (rF+++) [Xom's mischief]
 37091 | Vaults:1 | Lost mutation: You occasionally shout uncontrollably at
                  | your foes. [Xom's mischief]
 37310 | Vaults:1 | XOM: swap monsters
 37317 | Vaults:1 | XOM: summons 3 friendly demons
 37393 | Vaults:1 | XOM: summons 1 hostile shadow creature
 37904 | Vaults:1 | XOM: butterfly on damage
 37906 | Vaults:1 | XOM: summons 13 friendly demons
 37909 | Vaults:1 | XOM: polymorph orc warlord -> stone giant
 37913 | Vaults:1 | HP: 3/131 [ironbound thunderhulk/bolt of lightning (11)]
 37913 | Vaults:1 | Slain by a yaktaur

Illustrated notes

Levels and vault maps discovered:
D:1:      minmay_arrival_solitary_statue, layout_basic
D:2:      layout_loops_ring, ebering_ecumenical_altar_rust, uniq_jessica,
          uniq_terence
D:3:      layout_basic, nicolae_kikubaaqudgha_miasma_corner
D:4:      layout_basic, lemuel_coloured_pillars_altar,
          minmay_temple_entry_arrows
D:5:      layout_rooms, ebering_ghost_sewer_d, serial_undead, serial_undead_a,
          serial_undead_a, serial_undead_f, serial_undead_e, minivault_1
D:6:      layout_basic, amcnicky_altar_gilded, lemuel_round_altar,
          hangedman_glass_teeth
D:7:      layout_loops_ring, chequers_big_river, kennysheep_small_square
D:8:      layout_cave_pools, minmay_holes, st_stairs_14,
          nicolae_straight_to_the_point
D:9:      layout_roguey, nzn_overflow_gifts_of_might_and_magic,
          kennysheep_diamond, kennysheep_another_room, nicolae_water_bricks,
          minmay_misc_feat_doors, kennysheep_generic_room_10
D:10:     lemuel_troll_bridge, layout_basic
D:11:     layout_basic, dpeg_lair_monsters, uniq_erica, uniq_urug
D:12:     layout_irregular_city, minmay_orc_entry_guard_dogs,
          minmay_misc_feat_nine_boxes, uniq_snorg, uniq_josephine
D:13:     layout_stronghold, david_vaults_2, grunt_ministairs_1, uniq_kirke
D:14:     layout_loops_ring, minmay_door_square, serial_glass, glass_columns_a,
          glass_columns_a, minmay_misc_feat_square
D:15:     hangedman_depths_entry_civil_slaughter, layout_stronghold, hex_tiny
Lair:1:   layout_gridlike, uniq_harold
Lair:2:   nzn_winding_woodlands_medium [nzn_winding_woodlands_5x5_three,
          nzn_winding_woodlands_5x15_longhouse,
          nzn_winding_woodlands_5x5_perimeter,
          nzn_winding_woodlands_5x5_checkerboard,
          nzn_winding_woodlands_center_lodge, nzn_winding_woodlands_hourglass,
          nzn_winding_woodlands_5x5_default,
          nzn_winding_woodlands_5x15_pathside_ponds,
          nzn_winding_woodlands_5x5_default], layout_small_grid, serial_forest,
          infiniplex_forest_end_1, infiniplex_forest_side_room,
          infiniplex_forest_3_way, infiniplex_forest_lined_3_way,
          infiniplex_forest_straight_4, infiniplex_forest_clump_long
Lair:3:   layout_regular_city, chequers_serial_rivers_room_a
Lair:4:   wad_woods_minihive, layout_misc_corridors, minmay_shoals_entry_hut,
          spider_nest_entry_rubble, serial_bayou_shore_a
Lair:5:   layout_gridlike, serial_bayou_shore_b, grunt_megastairs_3,
          infiniplex_staircase_pool_2, lemuel_fruit_tree, lemuel_fruit_fields,
          serial_bayou_shore_b
Lair:6:   evil_forest, layout_misc_corridors, dpeg_slime_entry_enclosed_altar,
          st_stairs_8, nicolae_lair_grove_arrangements,
          grunt_forest_large_clearing_hut
Spider:1: layout_spider_delve, drop_trap
Spider:2: layout_chambers, hangedman_spider_trapstep
Spider:3: layout_spider_delve
Spider:4: grunt_spider_rune_island
Orc:1:    giant_chief_lemuel, layout_diamond_mine
Orc:2:    st_orc_town, layout_caves, ebering_ghost_gozag
Vaults:1: nicolae_vaults_what_the_h, nicolae_vaults_hallways_thing, v_rooms_4,
          v_misc_1, ontoclasm_vaults_gallery, v_misc_24,
          nicolae_vaults_rhombus_6, vaults_room_grunt_arrival_ludios,
          grunt_vaults_hallway_long, nicolae_vaults_alarming,
          layout_vaults_omnigrid

Skill      XL: |  1  2  3  4  5  6  7  8  9 10 11 12 13 14 15 16 17 18 |
---------------+-------------------------------------------------------+-----
Dodging        | 3 4 5 6 7 8 |  8.4
Short Blades   | 1 2 3 4 5 |  5.4
Stealth        | 1 2 3 4 5 |  5.0
Spellcasting   | 1 2 3 4 5 6 8 9 10 11 | 11.8
Fighting       | 4 5 6 7 8 9 10 11 12 | 12.7
Armour         | 2 4 5 6 8 9 |  9.5
Shields        | 6 7 8 10 11 | 11.2
Maces & Flails | 5 7 9 10 11 | 11.8
Evocations     | 2 |  2.8
Axes           | 5 7 8 |  8.5
Long Blades    | |  2.8

Action                   |  1- 3 |  4- 6 |  7- 9 | 10-12 | 13-15 | 16-18 || total
-------------------------+-------+-------+-------+-------+-------+-------++-------
Melee: Falchion          |    23 |       |       |       |       |       ||    23
       Short sword       |    61 |   180 |   362 |   180 |       |       ||   783
       Dagger            |       |       |    18 |       |       |       ||    18
       Morningstar       |       |       |       |   299 |  1100 |    31 ||  1430
       Broad axe         |       |       |       |       |       |   595 ||   595
       Headbutt          |       |       |       |       |       |    61 ||    61
 Fire: Hunting sling     |       |       |       |    45 |       |       ||    45
Throw: Dart              |       |       |       |     1 |       |       ||     1
 Cast: Call Imp          |       |     1 |    46 |    69 |    41 |       ||   157
       Call Canine Famil |       |       |    14 |    34 |    63 |     9 ||   120
       Sting             |       |       |     5 |   155 |    56 |    57 ||   273
       Irradiate         |       |       |       |       |    65 |    95 ||   160
       Conjure Ball Ligh |       |       |       |       |     1 |    13 ||    14
Evoke: Wand              |       |       |     1 |     7 |    13 |       ||    21
       Box of beasts     |       |       |       |       |     2 |       ||     2
       Phial of floods   |       |       |       |       |     2 |       ||     2
       Condenser vane    |       |       |       |       |     2 |     1 ||     3
       Piece from Xom's  |       |       |       |       |     1 |       ||     1
       Tin of tremorston |       |       |       |       |       |     2 ||     2
  Use: Scroll            |     1 |       |     3 |    16 |    10 |    15 ||    45
       Potion            |       |       |     3 |     6 |     3 |     8 ||    20
 Stab: Sleeping          |       |     3 |       |     5 |    14 |     4 ||    26
       Distracted        |       |     1 |     2 |     3 |    15 |     1 ||    22
       Paralysed         |       |       |     4 |    10 |     2 |       ||    16
       Petrified         |       |       |       |       |     8 |       ||     8
       Confused          |       |       |       |       |     5 |       ||     5
Armor: Leather armour    |    29 |    54 |    95 |       |       |       ||   178
       Steam dragon scal |       |       |    15 |   145 |   444 |   384 ||   988
       Ring mail         |       |       |       |       |       |    16 ||    16
Dodge: Dodged            |    58 |   106 |   289 |   416 |  1023 |   616 ||  2508
Block: Buckler           |       |       |       |    99 |   383 |    39 ||   521
       Kite shield       |       |       |       |       |       |   465 ||   465
       Rpst.: Falchion   |     7 |       |       |       |       |       ||     7

Table legend: (Time is in decaauts)
 A = Elapsed time spent in this place.
 B = Non-inter-level travel time spent in this place.
 C = Inter-level travel time spent in this place.
 D = Time resting spent in this place.
 E = Time spent auto-exploring this place.
 F = Levels seen in this place.
 G = Mean time per level.
                   A        B        C        D        E       F      G
               +--------+--------+--------+--------+--------+-----+--------+
         Total |  38096 |  35093 |   3003 |   5503 |  20017 |  28 | 1360.6 |
       Dungeon |  20299 |  18653 |   1646 |   2954 |  11465 |  15 | 1353.3 |
          Lair |   8558 |   7705 |    853 |   1150 |   3964 |   6 | 1426.3 |
   Spider Nest |   5425 |   5274 |    151 |   1012 |   2669 |   4 | 1356.2 |
  Orcish Mines |   2850 |   2499 |    351 |    187 |   1370 |   2 | 1425.0 |
        Vaults |    962 |    962 |      0 |    199 |    549 |   1 |  962.0 |
               +--------+--------+--------+--------+--------+-----+--------+

Top non-repeatable levels by time:
    D:10: 2403 daAuts
  Lair:2: 2093 daAuts
    D:11: 2000 daAuts
Spider:4: 1902 daAuts
     D:4: 1689 daAuts
  Lair:3: 1639 daAuts
     D:7: 1500 daAuts
Spider:2: 1497 daAuts
  Lair:6: 1491 daAuts
   Orc:1: 1487 daAuts
  Lair:4: 1482 daAuts
     D:9: 1441 daAuts
   Orc:2: 1363 daAuts
    D:13: 1348 daAuts
     D:5: 1346 daAuts
